 Dungeon Crawl Stone Soup version 0.18.1-50-g88ac8fd (console) character file.

6160 Homage the Basher (level 10, 0/77 HPs)
             Began as a Ghoul Fighter on Oct 3, 2016.
             Was a High Priest of Okawaru.
             Slain by a spiny frog (7 damage)
             ... on level 4 of the Lair of Beasts.
             The game lasted 00:30:41 (10497 turns).

Homage the Basher (Ghoul Fighter)                  Turns: 10497, Time: 00:30:43

Health: 0/77       AC: 18    Str: 21    XL:     10   Next: 90%
Magic:  13/13      EV:  5    Int:  3    God:    Okawaru [*****.]
Gold:   586        SH: 11    Dex: 16    Spells: 0 memorised, 9 levels left

rFire  . . .     SeeInvis .     a - +2 whip (vamp)
rCold  + . .     Gourm    .     u - +0 plate armour
rNeg   + + +     Faith    .     c - +0 shield
rPois  ∞         Spirit   .     k - +1 helmet
rElec  .         Dismiss  .     j - +0 cloak
rCorr  .         Reflect  .     (no gloves)
SustAt .         Harm     .     w - +0 pair of boots
MR     .....                    (no amulet)
Stlth  ..........               r - ring of flight
                                s - +5 ring of dexterity

@: about to teleport, rotting, not resistant to hostile enchantments, extremely
unstealthy
A: rotting body, claws 1, carnivore 3, cold resistance 1, negative energy
resistance 3, slow regeneration 1, torment resistance, unbreathing
a: Heroism, Finesse, Renounce Religion, Evoke Flight


You were on level 4 of the Lair of Beasts.
You worshipped Okawaru.
Okawaru was extremely pleased with you.
You were not hungry.

You visited 3 branches of the dungeon, and saw 13 of its levels.
You also visited: Sewer.

You collected 586 gold pieces.


Innate Abilities, Weirdness & Mutations

Your body is rotting away.
You thrive on raw meat.
You are immune to poison.
You have sharp fingernails.
You are carnivorous and can eat meat at any time.
Your flesh is cold resistant.
You are immune to negative energy.
You regenerate slowly when monsters are visible.
You are immune to unholy pain and torment.
You can survive without breathing.


   Skills:
 - Level 3.2 Fighting
 + Level 10.3 Maces & Flails
 - Level 7.0 Armour
 - Level 7.1 Shields
 + Level 6.4 Invocations


You had 9 spell levels left.
You didn't know any spells.

Inventory:

Hand Weapons
 a - a +2 vampiric whip (weapon)
 x - the +8 quarterstaff of the Mushroom {pain, rC+ Stlth+}
   (You found it on level 1 of the Lair of Beasts)

   In the hands of one skilled in necromantic magic, it inflicts extra damage on
   living creatures.
   It protects you from cold.
   It makes you more stealthy.
Armour
 c - a +0 shield (worn)
 j - a +0 cloak (worn)
 k - a +1 helmet (worn)
 u - a +0 plate armour (worn)
 w - a +0 pair of boots (worn)
Jewellery
 r - a ring of flight (right claw)
 s - a +5 ring of dexterity (left claw)
Wands
 e - a wand of iceblast (10/15)
 f - a wand of teleportation (2/9)
 m - a wand of polymorph (21/24)
 D - a wand of disintegration (8/24)
 H - a wand of flame (12/48)
Scrolls
 n - 5 scrolls of teleportation
 p - 4 scrolls of recharging
 q - a scroll of enchant armour {unknown}
 t - 3 scrolls of remove curse
 y - 2 scrolls of fog
 A - 3 scrolls of magic mapping
 B - a scroll of acquirement {unknown}
 E - a scroll of amnesia
Potions
 b - 2 potions of magic
 d - 8 potions of might
 g - a potion of invisibility {unknown}
 i - a potion of cancellation
 l - 4 potions of curing
 o - 2 potions of mutation {unknown}
 v - 2 potions of cure mutation {unknown}
 z - a potion of brilliance {unknown}
 C - 3 potions of degeneration {unknown}
Comestibles
 h - 10 chunks of flesh
 F - a beef jerky
 G - a meat ration


Message History

The crocodile barely misses you. You block the river rat's attack.
You block the black mamba's attack.
You closely miss the black mamba. The water moccasin barely misses you.
The spiny frog stings you but does no damage.
The black mamba bites you!
* * * LOW HITPOINT WARNING * * *
Drink which item? (? for menu, Esc to quit)
Okay, then.
Read which item? (? for menu, Esc to quit)
Okay, then.
Press: ? - help, v - describe, . - travel
Here: a spiny frog The floor.
You closely miss the spiny frog.
The crocodile bites you but does no damage.
You block the river rat's attack. You block the water moccasin's attack.
The black mamba bites you.
* * * LOW HITPOINT WARNING * * *
The spiny frog stings you!
You die...

###+####.#
#PSF.....#
#@S....#
#rt....#
#........
P.......#
.......##
##......#
#..##.+..
#.## ...#


You could see a black mamba, a spiny frog, a water moccasin, a crocodile and a
river rat.

Vanquished Creatures
  Pikel (D:6)
  A spiny frog (Lair:1)
  3 komodo dragons (Lair:1)
  Prince Ribbit (D:5)
  Sigmund (D:5)
  A yak (Lair:3)
  A basilisk (Lair:1)
  2 hippogriffs
  A soldier ant (Lair:3)
  A water moccasin (Lair:2)
  2 porcupines
  2 orc warriors
  2 sky beasts (D:8)
  5 ogres
  A phantom (D:4)
  A wolf (Lair:3)
  A centaur (D:6)
  A crocodile (Lair:1)
  2 big kobolds (Sewer)
  5 giant frogs
  4 scorpions
  A howler monkey (D:6)
  6 crimson imps
  A jelly (D:5)
  6 orc priests
  A hound (D:8)
  5 iguanas
  13 orc wizards
  4 worker ants
  4 sheep (Lair:2)
  12 adders
  6 gnolls
  18 river rats
  3 oozes (Sewer)
  2 adder skeletons
  6 worms
  A dart slug (D:1)
  6 giant geckos
  21 orcs
  6 ball pythons
  10 bats
  11 giant cockroaches
  5 goblins
  4 hobgoblins
  9 jackals
  2 quokkas
  4 giant newts
  12 kobolds
  A quokka skeleton (D:5)
  5 rats
224 creatures vanquished.

Vanquished Creatures (others)
  A hydra (D:6)
  An adder (D:6)
  A ball python (D:6)
  A fungus (Lair:2)
4 creatures vanquished.

Grand Total: 228 creatures vanquished

Notes
Turn   | Place    | Note
--------------------------------------------------------------
     0 | D:1      | Homage the Ghoul Fighter began the quest for the Orb.
     0 | D:1      | Reached XP level 1. HP: 19/19 MP: 0/0
    69 | D:1      | Reached skill level 2 in Maces & Flails
    86 | D:1      | Reached XP level 2. HP: 21/26 MP: 1/1
   734 | D:2      | Reached skill level 3 in Maces & Flails
   803 | D:2      | Reached XP level 3. HP: 31/31 MP: 2/2
  1044 | D:2      | Found a white marble altar of Elyvilon.
  1692 | D:3      | Reached XP level 4. HP: 29/37 MP: 3/3
  1701 | D:3      | Found a glowing drain.
  1747 | D:3      | Reached skill level 4 in Maces & Flails
  1783 | Sewer    | Entered a sewer
  1886 | Sewer    | Reached XP level 5. HP: 45/45 MP: 4/4
  1949 | Sewer    | Noticed a big kobold
  1960 | Sewer    | Killed a big kobold
  1960 | Sewer    | Reached skill level 5 in Maces & Flails
  2135 | Sewer    | Noticed a big kobold
  2155 | Sewer    | Killed a big kobold
  2155 | Sewer    | Reached XP level 6. HP: 46/51 MP: 5/5
  2340 | D:3      | Found a shimmering altar of Xom.
  2360 | D:3      | Reached skill level 6 in Maces & Flails
  2482 | D:3      | Reached skill level 3 in Armour
  2482 | D:3      | Reached skill level 3 in Shields
  2582 | D:3      | Reached XP level 7. HP: 57/57 MP: 6/6
  2903 | D:4      | Found a staircase to the Ecumenical Temple.
  2919 | Temple   | Entered the Ecumenical Temple
  2949 | Temple   | Became a worshipper of Warmaster Okawaru
  3476 | D:4      | Reached * piety under Okawaru
  3708 | D:4      | Reached skill level 1 in Invocations
  3708 | D:4      | Reached XP level 8. HP: 50/63 MP: 7/7
  4088 | D:5      | Entered Level 5 of the Dungeon
  4210 | D:5      | Noticed Sigmund
  4227 | D:5      | Killed Sigmund
  4451 | D:5      | Reached ** piety under Okawaru
  4673 | D:5      | Found a shadowy altar of Dithmenos.
  4673 | D:5      | Found a basalt altar of Yredelemnul.
  4906 | D:5      | Found a shattered altar of Ashenzari.
  4918 | D:5      | Found a glowing golden altar of the Shining One.
  4941 | D:5      | Found a radiant altar of Vehumet.
  4954 | D:5      | Found a burning altar of Makhleb.
  4987 | D:5      | Noticed Prince Ribbit
  5022 | D:5      | Killed Prince Ribbit
  5022 | D:5      | Reached skill level 7 in Maces & Flails
  5444 | D:6      | Reached XP level 9. HP: 70/70 MP: 11/11
  5525 | D:6      | Found an oddly glowing altar of Pakellas.
  5525 | D:6      | Noticed a five-headed hydra
  5533 | D:6      | Killed a five-headed hydra
  5569 | D:6      | Noticed Pikel
  5580 | D:6      | Killed Pikel
  5580 | D:6      | Reached skill level 8 in Maces & Flails
  5904 | D:6      | Found an oddly glowing altar of Pakellas.
  6246 | D:6      | Found a deep blue altar of Sif Muna.
  6774 | D:7      | Found Tecet's Armour Shop.
  6784 | D:7      | Reached skill level 9 in Maces & Flails
  7239 | D:7      | Reached *** piety under Okawaru
  7993 | D:8      | Reached skill level 6 in Armour
  8011 | D:8      | Reached skill level 6 in Shields
  8011 | D:8      | Reached XP level 10. HP: 77/77 MP: 13/13
  8041 | D:8      | Found a staircase to the Lair.
  8158 | D:8      | Found a glowing silver altar of Zin.
  8350 | D:8      | Found a sparkling altar of Nemelex Xobeh.
  8351 | D:8      | Found an opulent altar of Gozag.
  8613 | Lair:1   | Entered Level 1 of the Lair of Beasts
  9055 | Lair:1   | Got a bloodstained quarterstaff
  9061 | Lair:1   | Identified the +8 quarterstaff of the Mushroom {pain, rC+ Stlth+} (You found it on level 1 of the Lair of Beasts)
  9184 | Lair:1   | Reached **** piety under Okawaru
  9480 | Lair:1   | Noticed a spiny frog
  9501 | Lair:1   | Killed a spiny frog
 10253 | Lair:3   | Reached skill level 10 in Maces & Flails
 10292 | Lair:3   | Reached ***** piety under Okawaru
 10383 | Lair:3   | Reached skill level 6 in Invocations
 10476 | Lair:3   | Noticed a black mamba
 10481 | Lair:3   | Noticed a spiny frog
 10496 | Lair:4   | HP: 11/77 [black mamba (12)]
 10497 | Lair:4   | Slain by a spiny frog

Vault maps used:
D:1:      ncdulo_halloftheorcs, due_unseen_surprise
D:2:      elyvilon_altar_1
D:3:      portal_sewer_entry_a, led_xom_imps
D:4:      forest_paths, minmay_temple_entry_junction, first_bread,
          hangedman_decor_points, corexii_leaking_fountain,
          hangedman_abyss_or_decor_passed, corexii_checkpoint_a
D:5:      grunt_temple_overflow_cloverleaf, gammafunk_temple_overflow_wave,
          uniq_sigmund, uniq_prince_ribbit1
D:6:      kennysheep_orc_sif_temple, kennysheep_little_box,
          gammafunk_pakellas_cloud_experiment, uniq_pikel
D:7:      serial_shops, nicolae_shop_temple_entry_statues_fountains,
          serial_bayou_crossing
D:8:      grunt_temple_overflow_opulence, zin_academy, lair_0_dummy
Temple:   nicolae_temple_great_sept
Lair:2:   minivault_26, mumra_transporter_accident, beast_lair_carwin_2
Lair:3:   st_stairs_3, nicolae_lair_grove_arrangements, minivault_29
Lair:4:   beast_lair_carwin_large_1, spider_nest_entry_rubble,
          portal_ice_cave_entry_pillars_03, st_stairs_3
Sewer:    sewer_co_15_rooms

Action                   |  1- 3 |  4- 6 |  7- 9 | 10-12 || total
-------------------------+-------+-------+-------+-------++-------
Melee: Flail             |   125 |   187 |   367 |       ||   679
       Whip              |       |       |   286 |   503 ||   789
Invok: Heroism           |       |       |     4 |     4 ||     8
 Abil: Evoke Flight      |       |     1 |       |       ||     1
Evoke: Wand              |       |       |     1 |     1 ||     2
  Use: Scroll            |     5 |     1 |    11 |     2 ||    19
       Potion            |       |       |       |     2 ||     2
  Eat: Chunk             |     2 |     6 |    31 |    18 ||    57
Armor: Scale mail        |    55 |       |       |       ||    55
       Plate armour      |    15 |    90 |   352 |   260 ||   717
Dodge: Dodged            |    41 |    14 |   101 |    73 ||   229
Block: Shield            |    79 |    71 |   308 |   258 ||   716
